 Dungeon Crawl Stone Soup version 0.26.0-45-g9c1d065592 (webtiles) character file.

Game seed: 12397422182889659572

4 growler the Vexing (level 1, 0/20 HPs)
             Began as an Ogre Arcane Marksman on Jan 28, 2021.
             Slain by a giant cockroach (1 damage)
             ... on level 1 of the Dungeon.
             The game lasted 00:01:05 (239 turns).

growler the Vexing (Ogre Arcane Marksman)            Turns: 239, Time: 00:01:05

Health: 0/20       AC:  3    Str: 13    XL:     1   Next: 60%
Magic:  2/2        EV: 10    Int: 14    God:
Gold:   0          SH:  0    Dex:  9    Spells: 1/2 levels left

rFire    . . .     SeeInvis .   (no weapon)
rCold    . . .     Faith    .   (no shield)
rNeg     . . .     Spirit   .   a - +0 robe
rPois    .         Reflect  .   (helmet restricted)
rElec    .         Harm     .   (no cloak)
rCorr    .         Rampage  .   (gloves unavailable)
Will     .....                  (boots unavailable)
Stlth    +.........             (no amulet)
HPRegen  0.06/turn              (no ring)
MPRegen  0.08/turn              (no ring)

@: no status effects
A: large, unfitting armour, tough skin 1
a: no special abilities


You were on level 1 of the Dungeon.
You visited 1 branch of the dungeon, and saw 1 of its levels.

Inventory:

Missiles
 d - 2 throwing nets {!f}
 e - 3 stones (quivered)
Armour
 a - a +0 robe (worn)
Scrolls
 b - a scroll of identify {unknown}


   Skills:
 + Level 1.6 Fighting
 * Level 2.2 Throwing
 - Level 1.7 Dodging
 - Level 1.2 Spellcasting
 - Level 2.6 Hexes


You had one spell level left.
You knew the following spells:

 Your Spells              Type           Power        Failure   Level
a - Corona                Hex            8%           9%          1

Your spell library contained the following spells:

 Spells                   Type           Power        Failure   Level
 Slow                     Hex            8%           13%         2
 Inner Flame              Hex/Fire       4%           41%         3
 Portal Projectile        Hex/Tloc       8%           41%         3
 Cause Fear               Hex            4%           65%         4
 Leda's Liquefaction      Hex/Erth       2%           83%         4


Dungeon Overview and Level Annotations

Branches:
Dungeon (1/15)

Altars:


Innate Abilities, Weirdness & Mutations

You are too large for most types of armour.
You have tough skin. (AC +1)


Message History

The large rock closely misses the leopard gecko.
The leopard gecko completely misses you.
The leopard gecko bites you.
* * * LOW HITPOINT WARNING * * *
Throw: large rock
Aim: a leopard gecko (moderately wounded, 37% to hit)
You throw a large rock. The large rock hits the leopard gecko!
You kill the leopard gecko!
The giant cockroach waves its antennae.
The giant cockroach bites you but does no damage.
Throw: 10 stones
Aim: a giant cockroach (54% to hit)
You throw a stone.
The stone closely misses the giant cockroach.
The giant cockroach barely misses you.
The giant cockroach completely misses you.
Throw: 9 stones
Aim: a giant cockroach (54% to hit)
You throw a stone.
The stone hits the giant cockroach but does no damage.
The giant cockroach bites you but does no damage.
Throw: 8 stones
Aim: a giant cockroach (54% to hit)
You throw a stone.
The stone barely misses the giant cockroach.
The giant cockroach misses you.
Throw: 7 stones
Aim: a giant cockroach (54% to hit)
You throw a stone.
The stone closely misses the giant cockroach.
The giant cockroach barely misses you.
Throw: 6 stones
Aim: a giant cockroach (54% to hit)
You throw a stone.
The stone completely misses the giant cockroach.
The giant cockroach closely misses you.
Throw: 5 stones
Aim: a giant cockroach (54% to hit)
You throw a stone.
The stone hits the giant cockroach but does no damage.
The giant cockroach bites you.
* * * LOW HITPOINT WARNING * * *
The giant cockroach barely misses you.
Throw: 4 stones
Aim: a giant cockroach (54% to hit)
You throw a stone.
The stone hits the giant cockroach but does no damage.
The giant cockroach closely misses you.
You barely miss the giant cockroach. The giant cockroach bites you.
You die...

# #.#(8...#
#.##.#(..8.#
#$.....8...#
####.#...8.###
#.#.8......
#.....##..
#(...## .
#B#### ##@##
##.#.##
#.###.#
##.#..###
##.....#
####..# ###..#
♣♣♣.#..#
♣♣......#


You could see a giant cockroach.

Vanquished Creatures
  A leopard gecko (D:1)
  A bat (D:1)
  A frilled lizard (D:1)
3 creatures vanquished.

Notes
Turn   | Place    | Note
-------+----------+-------------------------------------------
     0 | D:1      | growler the Ogre Arcane Marksman began the quest for the
                  | Orb.
     0 | D:1      | Reached XP level 1. HP: 19/19 MP: 2/2
   237 | D:1      | HP: 1/20 [giant cockroach (1)]
   239 | D:1      | Slain by a giant cockroach

Illustrated notes

Levels and vault maps discovered:
D:1:      sevenhm_arrival_forest_fort_large_4, layout_loops_cross,
          minmay_misc_feat_pillars, roderic_st_hans_cross

Action                   || total
-------------------------++-------
Melee: Unarmed           ||    13
Throw: Stone             ||    14
       Large rock        ||     4
Armor: Robe              ||     9
Dodge: Dodged            ||    15
